 Dungeon Crawl Stone Soup version 0.27-a0-836-gfc908b8576 (webtiles) character file.

Game seed: 8165500251419780983

110 snetch the Chopper (level 4, 0/40 HPs)
             Began as a Hill Orc Monk on Mar 31, 2021.
             Slain by a sky beast (5 damage)
             ... on level 5 of the Dungeon.
             The game lasted 00:05:11 (1861 turns).

snetch the Chopper (Hill Orc Monk)                  Turns: 1861, Time: 00:05:12

Health: 0/40       AC:  8    Str: 14    XL:     4   Next: 91%
Magic:  4/4        EV:  6    Int: 10    God:
Gold:   81         SH:  0    Dex: 13    Spells: 3/3 levels left

rFire    . . .     SeeInvis .   a - +0 war axe
rCold    . . .     Faith    .   (no shield)
rNeg     . . .     Spirit   .   s - +0 chain mail
rPois    .         Reflect  .   (no helmet)
rElec    .         Harm     .   (no cloak)
rCorr    .         Rampage  .   (no gloves)
Will     .....                  (no boots)
Stlth    ..........             (no amulet)
HPRegen  0.13/turn              (no ring)
MPRegen  0.09/turn              (no ring)

@: no status effects
A: no striking features
a: no special abilities


You were on level 5 of the Dungeon.
You visited 2 branches of the dungeon, and saw 6 of its levels.

You collected 81 gold pieces.

Inventory:

Hand Weapons
 a - a +0 war axe (weapon)
Missiles
 c - 12 poisoned darts (quivered)
 f - 41 bolts
 j - 36 arrows
 k - 33 stones
 n - 2 throwing nets
 p - 15 sling bullets
 q - 8 boomerangs
Armour
 g - a +0 ring mail of poison resistance
 r - a +0 scale mail
 s - a +0 chain mail (worn)
Scrolls
 b - 2 scrolls of vulnerability {unknown}
 e - 3 scrolls of fear {unknown}
 h - a scroll of magic mapping {unknown}
 i - a scroll of fog {unknown}
 o - a scroll of identify {unknown}
Potions
 d - 2 potions of mutation {unknown}
 l - a potion of haste {unknown}
 m - a potion of attraction {unknown}


   Skills:
 + Level 4.1 Fighting
 + Level 5.8 Axes
 + Level 0.9 Armour
 + Level 3.1 Dodging
 + Level 1.8 Stealth


You had 3 spell levels left.
You didn't know any spells.
Your spell library contained the following spells:

 Spells                   Type           Power      Damage    Failure   Level
 Animate Skeleton         Necr           0%         N/A       100%        1
 Apportation              Tloc           0%         N/A       100%        1
 Corona                   Hex            0%         N/A       100%        1
 Summon Small Mammal      Summ           0%         N/A       100%        1


Dungeon Overview and Level Annotations

Branches:
Dungeon (5/15)             Temple (1/1) D:4

Altars:
Ashenzari
Cheibriados
Dithmenos
Elyvilon
Fedhas
Gozag
Hepliaklqana
Kikubaaqudgha
Makhleb
Nemelex Xobeh
Okawaru
Qazlal
Ru
Sif Muna
Trog
Uskayaw
Vehumet
Wu Jian
Xom
Yredelemnul
The Shining One


Message History

You hit something.
A sky beast appears from thin air!
Reactivating autopickup.
The sky beast hits you but does no damage.
You hit the sky beast.
The sky beast is moderately wounded.
The sky beast barely misses you.
The sky beast hits you but does no damage.
You hit the sky beast.
The sky beast is moderately wounded.
The sky beast hits you but does no damage.
You hit the sky beast.
The sky beast is moderately wounded.
The sky beast hits you but does no damage.
You slash the sky beast!
The sky beast is almost dead.
The sky beast hits you but does no damage.
You closely miss the sky beast.
The sky beast is almost dead.
The sky beast flickers out of sight!
Deactivating autopickup; reactivate with Ctrl-A.
Something hits you. Something shocks you.
You hit something. Something hits you but does no damage. Something hits you.
* * * LOW HITPOINT WARNING * * *
Something shocks you.
* * * LOW HITPOINT WARNING * * *
You barely miss something. Something hits you but does no damage.
A sky beast appears from thin air!
Reactivating autopickup.
Your chain mail prevents you from hitting the sky beast.
The sky beast is almost dead.
The sky beast barely misses you.
You hit the sky beast but do no damage.
The sky beast is almost dead.
The sky beast flickers out of sight!
Deactivating autopickup; reactivate with Ctrl-A.
Something hits you but does no damage.
You barely miss something. Something hits you.
* * * LOW HITPOINT WARNING * * *
Something shocks you.
You die...

#.##.#..##≈.....
#..........<.... #
######.)).##.....≈
#.#.####.)..###.≈.#≈
#.#.##...)......≈...
...........####≈≈..
#.##.#.....# .≈#.
#.{......### .≈≈.
#@##.....# .#≈≈
#.######## ...≈ ###
.#..


There were no monsters in sight!

Vanquished Creatures
  A hound (D:4)
  A hound skeleton (D:4)
  An ufetubus (D:4)
  An adder skeleton (D:4)
  A worm (D:4)
  6 orcs
  2 ball pythons
  4 endoplasms
  4 goblins
  9 hobgoblins
  4 kobolds
  3 quokkas (D:1)
  5 bats
  A frilled lizard (D:2)
  2 rats (D:1)
45 creatures vanquished.

Notes
Turn   | Place    | Note
-------+----------+-------------------------------------------
     0 | D:1      | snetch the Hill Orc Monk began the quest for the Orb.
     0 | D:1      | Reached XP level 1. HP: 19/19 MP: 1/1
   378 | D:1      | Reached XP level 2. HP: 27/27 MP: 2/2
   644 | D:2      | Reached XP level 3. HP: 25/33 MP: 3/3
  1028 | D:2      | You fall into a shaft and drop 2 floors!
  1028 | D:4      | Found a staircase to the Ecumenical Temple.
  1057 | D:4      | Reached skill level 5 in Axes
  1074 | D:4      | Reached XP level 4. HP: 18/40 MP: 4/4
  1093 | Temple   | Entered the Ecumenical Temple
  1600 | D:4      | Noticed a black bear
  1643 | D:5      | Entered Level 5 of the Dungeon
  1838 | D:5      | Noticed a sky beast
  1861 | D:5      | Slain by a sky beast

Illustrated notes

Levels and vault maps discovered:
D:1:      minmay_arrival_plants_in_alcoves, layout_rooms, minmay_crystal_room
D:2:      layout_rooms, zin_academy, serial_shops, shop
D:3:      layout_loops_ring
D:4:      layout_loops_ring, temple_hall, serial_shops, nicolae_shop_waterfront,
          kennysheep_windowed_goal
D:5:      layout_basic, grunt_ministairs_10, minmay_splitting_lines,
          grunt_decor_arrowhead, chequers_serial_rivers_small_b, uniq_grinder
Temple:   grunt_wide_crystal_templ

Skill      XL: |  1  2  3 |
---------------+----------+-----
Fighting       | 4 |  4.1
Axes           | 5 |  5.8
Dodging        | 3 |  3.1
Armour         | |  0.9
Stealth        | |  1.8

Action                   |  1- 3 |  4- 6 || total
-------------------------+-------+-------++-------
Melee: Hand axe          |    69 |       ||    69
       War axe           |    20 |    48 ||    68
 Stab: Sleeping          |     1 |     1 ||     2
Armor: Robe              |     5 |       ||     5
       Ring mail         |    29 |    26 ||    55
       Chain mail        |       |     8 ||     8
Dodge: Dodged            |    58 |    33 ||    91

Table legend: (Time is in decaauts)
 A = Elapsed time spent in this place.
 B = Non-inter-level travel time spent in this place.
 C = Inter-level travel time spent in this place.
 D = Time resting spent in this place.
 E = Time spent auto-exploring this place.
 F = Levels seen in this place.
 G = Mean time per level.
                   A        B        C        D        E       F      G
               +--------+--------+--------+--------+--------+-----+--------+
         Total |   1886 |   1839 |     47 |      0 |   1265 |   6 |  314.3 |
       Dungeon |   1668 |   1636 |     32 |      0 |   1063 |   5 |  333.6 |
        Temple |    218 |    203 |     15 |      0 |    202 |   1 |  218.0 |
               +--------+--------+--------+--------+--------+-----+--------+

Top non-repeatable levels by time:
     D:1: 879 daAuts
     D:4: 406 daAuts
     D:5: 222 daAuts
  Temple: 218 daAuts
     D:2: 150 daAuts
     D:3: 9 daAuts
